 Dungeon Crawl Stone Soup version 0.27-a0-585-g945025970d (webtiles) character file.

Game seed: 5270138096881485100

187 Azunone the Shield-Bearer (level 5, -5/43 HPs)
             Began as a Formicid Fighter on Mar 10, 2021.
             Was an Initiate of Ashenzari.
             Slain by an orc warrior
             ... wielding a +0 dire flail
              (10 damage)
             ... on level 3 of the Dungeon.
             The game lasted 00:06:06 (2716 turns).

Azunone the Shield-Bearer (Formicid Fighter)        Turns: 2716, Time: 00:06:07

Health: -5/43      AC:  7    Str: 22    XL:     5   Next: 99%
Magic:  5/5        EV:  8    Int:  7    God:    Ashenzari [......]
Gold:   121        SH: 10    Dex: 10    Spells: 4/4 levels left

rFire    . . .     SeeInvis +   a - +0 long sword
rCold    . . .     Faith    .   c - +0 kite shield
rNeg     . . .     Spirit   .   b - +0 scale mail
rPois    .         Reflect  .   (helmet unavailable)
rElec    .         Harm     .   (no cloak)
rCorr    .         Rampage  .   (no gloves)
Will     .....                  (no boots)
Stlth    ..........             (no amulet)
HPRegen  0.14/turn              (no ring)
MPRegen  0.09/turn              (no ring)

@: mighty
A: permanent stasis, dig shafts and tunnels, antennae 3, four strong arms
a: Dig, Shaft Self, Renounce Religion, Curse Item


You were on level 3 of the Dungeon.
You worshipped Ashenzari.
Ashenzari was noncommittal.
You visited 1 branch of the dungeon, and saw 3 of its levels.

You collected 121 gold pieces.

Inventory:

Hand Weapons
 a - a +0 long sword (weapon)
Missiles
 i - 7 poisoned darts (quivered)
Armour
 b - a +0 scale mail (worn)
 c - a +0 kite shield (worn)
Scrolls
 g - 3 scrolls of identify
 h - a scroll of immolation
 k - 2 scrolls of magic mapping
 l - 2 scrolls of enchant weapon
 n - a scroll of teleportation
Potions
 e - 3 potions of flight
 f - a potion of invisibility
 j - 2 potions of resistance


   Skills:
 + Level 4.4 Fighting
 + Level 3.2 Long Blades
 + Level 4.3 Armour
 + Level 4.8 Shields


You had 4 spell levels left.
You didn't know any spells.
Your spell library was empty.

Dungeon Overview and Level Annotations

Branches:
Dungeon (3/15)

Altars:
Ashenzari
Fedhas
Okawaru
Ru


Innate Abilities, Weirdness & Mutations

You cannot be hasted, slowed, berserked, paralysed or teleported.
You can dig through walls and to a lower floor.
You have a pair of large antennae on your head. (SInv)
Your four strong arms can wield two-handed weapons with a shield.


Message History

The adder is severely wounded.
You feel sick.
The adder bites you but does no damage. x2
You slash the adder!
You kill the adder!
You block the adder's attack.
You closely miss the adder.
The adder is moderately wounded.
You feel sick. You block the adder's attack.
The adder bites you but does no damage.
You miss the adder.
The adder is moderately wounded.
You block the adder's attack.
You hit the adder.
The adder is severely wounded.
You feel sick. You block the adder's attack. The adder bites you.
You slash the adder!
You kill the adder!
You feel better. You block the orc warrior's attack.
You slash the orc warrior!
The orc warrior is moderately wounded.
The orc warrior completely misses you.
You riposte.
You barely miss the orc warrior.
The orc warrior is moderately wounded.
You closely miss the orc warrior.
The orc warrior is moderately wounded.
You block the orc warrior's attack.
The orc warrior hits you with a +0 dire flail!
* * * LOW HITPOINT WARNING * * *
You slash the orc warrior!
The orc warrior is severely wounded.
The orc warrior hits you with a +0 dire flail!
* * * LOW HITPOINT WARNING * * *
You closely miss the orc warrior.
The orc warrior is severely wounded.
You block the orc warrior's attack.
You hit the orc warrior but do no damage.
The orc warrior is severely wounded.
You block the orc warrior's attack.
The orc warrior hits you with a +0 dire flail!
You die...

#.# #..######.#
##'###.........#
##_'....########
##'###........#
#. #..#####.#
#..###.###..#
#...........#
#..####.###.#
#@# #.# { #o#
#.# #o# #.#
#ooo##.#
.oo#....# ##..
.##.# ... .. ..
.... ... ##
.##.# ###


You could see an orc warrior, an orc priest and 4 orcs.

Vanquished Creatures
  Natasha (thrice) (D:2)
  6 adders (D:3)
  A white imp (D:2)
  A worm (D:3)
  A dart slug (D:1)
  6 orcs (D:3)
  A giant cockroach (D:3)
  6 goblins
  4 hobgoblins
  2 quokkas
  2 ball pythons
  4 bats
  3 frilled lizards
  6 kobolds
  6 rats
52 creatures vanquished.

Notes
Turn   | Place    | Note
-------+----------+-------------------------------------------
     0 | D:1      | Azunone the Formicid Fighter began the quest for the Orb.
     0 | D:1      | Reached XP level 1. HP: 18/18 MP: 1/1
   298 | D:1      | Reached XP level 2. HP: 24/24 MP: 2/2
  1070 | D:2      | Found a broken altar of Ashenzari.
  1071 | D:2      | Found an iron altar of Okawaru.
  1085 | D:2      | Reached XP level 3. HP: 25/29 MP: 3/3
  1131 | D:2      | Became a worshipper of Ashenzari the Shackled
  1179 | D:2      | Noticed Natasha
  1185 | D:2      | Killed Natasha
  1186 | D:2      | Reached XP level 4. HP: 24/37 MP: 4/4
  1643 | D:2      | Noticed Natasha
  1653 | D:2      | Killed Natasha
  1831 | D:2      | Found a sacrificial altar of Ru.
  2018 | D:2      | Noticed Natasha
  2025 | D:2      | Killed Natasha
  2026 | D:2      | Reached XP level 5. HP: 35/42 MP: 5/5
  2562 | D:3      | Found a blossoming altar of Fedhas.
  2691 | D:3      | Noticed an orc warrior
  2716 | D:3      | Slain by an orc warrior

Illustrated notes

Levels and vault maps discovered:
D:1:      dpeg_arrival_solitude, layout_basic
D:2:      wad_lake_hut, layout_basic, grunt_temple_overflow_open,
          nicolae_ru_the_path_less_chosen, uniq_natasha
D:3:      layout_loops_ring, lemuel_doored_altar,
          nicolae_overflow_crystal_walls, chequers_ecumenical_altar_simple,
          amcnicky_mini_rare_corridor_liquid, uniq_jessica,
          uniq_crazy_yiuf_cottage

Skill      XL: |  1  2  3  4  5 |
---------------+----------------+-----
Shields        | 4 |  4.8
Fighting       | 4 |  4.4
Armour         | 4 |  4.3
Long Blades    | 3 |  3.2

Action                   |  1- 3 |  4- 6 || total
-------------------------+-------+-------++-------
Melee: Long sword        |    79 |   131 ||   210
Throw: Dart              |       |     6 ||     6
  Use: Potion            |       |     2 ||     2
Armor: Scale mail        |    30 |    57 ||    87
Dodge: Dodged            |    21 |    51 ||    72
Block: Kite shield       |    40 |    94 ||   134
       Rpst.: Long sword |     1 |    15 ||    16

Table legend: (Time is in decaauts)
 A = Elapsed time spent in this place.
 B = Non-inter-level travel time spent in this place.
 C = Inter-level travel time spent in this place.
 D = Time resting spent in this place.
 E = Time spent auto-exploring this place.
 F = Levels seen in this place.
 G = Mean time per level.
                   A        B        C        D        E       F      G
               +--------+--------+--------+--------+--------+-----+--------+
         Total |   2855 |   2770 |     85 |      0 |   2285 |   3 |  951.7 |
       Dungeon |   2855 |   2770 |     85 |      0 |   2285 |   3 |  951.7 |
               +--------+--------+--------+--------+--------+-----+--------+

Top non-repeatable levels by time:
     D:2: 1230 daAuts
     D:1: 1030 daAuts
     D:3: 594 daAuts
